AoeStats
← Rebel.

Arena

507999975Analyzed
4v4 RM · 12d ago on Sep 20, 2026· 32m 11s· 8 players
Game mode
Random Map
Map size
Large (8 player)
Population
200
Speed
Normal
Resources
Standard
Victory
Conquest
Starting age
Dark Age
Ending age
Imperial Age
RankedLock teamsTeams togetherTeam positionsShared explorationLock speedFull tech treeHidden civsTurbo modeCheats
Victory
Defeat
🇨🇳 Armenians · China
959
+12
🇨🇳 Cumans · China
958
+12
🇨🇳 Khmer · China
957
+12
🇨🇳 Persians · China
890
+15
🇺🇸 Huns · United States
901
-14
🇹🇷 Turks · Türkiye
873
-13
🇹🇷 Bohemians · Türkiye
865
-13
🇩🇪 Britons · Germany
837
-11
Jan
11:29 Feudal Age
15:47 Castle Age
13:56 Stone Mining
14:16 Double-Bit Axe
24:31 Loom
Delii
0:26 Loom
0:59 Loom
17:38 Feudal Age
20:59 Double-Bit Axe
20:55 Horse Collar
21:06 Gold Mining
21:09 Stone Mining
23:44 Castle Age
22:48 Padded Archer Armor
24:47 Bow Saw
25:20 Wheelbarrow
26:01 Leather Archer Armor
28:43 Imperial Age
26:40 Heavy Plow
27:18 Gold Shaft Mining
32:05 Hand Cart
Karabasan
0:27 Loom
11:02 Feudal Age
18:41 Castle Age
22:58 Chemistry
24:21 Double-Bit Axe
24:18 Horse Collar
34:53 Imperial Age
Scarface_07HH
2:02 Loom
12:02 Feudal Age
19:24 Castle Age
25:49 Castle Age
秋绥冬禧
11:40 Feudal Age
12:14 Double-Bit Axe
12:14 Horse Collar
12:30 Gold Mining
23:26 Castle Age
26:01 Stone Mining
32:17 Gold Shaft Mining
泰达津布曲
12:11 Feudal Age
12:37 Double-Bit Axe
12:34 Horse Collar
17:10 Castle Age
19:04 Bow Saw
22:21 Heavy Plow
22:53 Stone Mining
22:58 Gold Mining
24:55 Stone Shaft Mining
24:57 Gold Shaft Mining
28:23 Imperial Age
26:53 Husbandry
28:13 Forging
28:09 Scale Barding Armor
28:20 Bloodlines
29:21 Tusk Swords
31:41 Chain Barding Armor
Rebel.
11:53 Loom
14:18 Feudal Age
15:48 Wheelbarrow
15:14 Horse Collar
15:23 Double-Bit Axe
18:24 Castle Age
19:46 Hand Cart
19:33 Heavy Plow
19:47 Bow Saw
26:05 Gold Mining
26:05 Stone Mining
闲挂月
10:03 Feudal Age
11:20 Man-at-Arms
12:12 Long Swordsman
12:51 Double-Bit Axe
17:16 Horse Collar
19:32 Arson
22:46 Castle Age
21:28 Forging
23:33 Gambesons
23:32 Two-Handed Swordsman
24:42 Squires
25:45 Scale Mail Armor
27:09 Wheelbarrow
26:40 Heavy Plow
26:51 Bow Saw
26:39 Gold Mining
29:10 Hand Cart
Connection lost

Rejoining the realm…

Still unreachable

The connection could not be restored.

Session expired

The server has moved on; the page needs a fresh start.